Map: Arctic Flowers LE

Players

Ekelpack

  • Race: Zerg Zerg
  • Spawn Location: 1:00

Nyck

  • Race: Terran Terran
  • Spawn Location: 1:00

Guwbu - Winner!

  • Race: Terran Terran
  • League: Diamond
  • Spawn Location: 7:00

Patrykos - Winner!

  • Race: Protoss Protoss
  • Spawn Location: 7:00

VOD

Have the link to the VOD?

Description

Time

  • Played on: Jan. 29, 2025, 1:57 p.m.
  • Length: 6:02
Show
View Real Time Build Order
Export as new Build Order

Ekelpack Zerg 

Build Orders: Hatch First 

Get SALT Encoding   

  12  0:00  Drone  
  13  0:13  Overlord  
  13  0:16  Drone  
  14  0:31  Drone x2  
  16  0:37  Drone  
  17  0:54  Hatchery, Drone  
  17  0:57  Extractor  
  17  1:00  Drone  
  17  1:15  Spawning Pool  
  17  1:17  Drone  
  17  1:23  Drone  
  18  1:29  Drone  
  19  1:40  Drone  
  20  1:53  Drone  
  21  2:06  Zergling x2  
  21  2:07  Queen, Zergling x2  
  25  2:23  Zergling x4  
  25  2:24  Metabolic Boost  
  27  2:36  Extractor  
  26  2:37  Queen  
  28  2:45  Lair  
  28  2:52  Extractor  
  28  2:57  Drone  
  28  3:01  Overlord  
  28  3:23  Drone x3  
  28  3:25  Drone x3  
  28  3:26  Drone  
  35  3:31  Drone  
  36  3:34  Overlord  
  36  3:44  Overlord  
  35  3:59  Drone x4  
  39  4:06  Spire  
  38  4:16  Drone, Extractor  
  38  4:21  Drone x2  
  41  4:24  Drone  
  41  4:25  Overlord  
  41  4:26  Overlord x2  
  41  4:31  Drone x2  
  41  4:32  Drone  
  41  4:38  Drone  
  45  4:55  Drone  
  45  4:58  Drone  
  47  5:18  Mutalisk x4  
  47  5:19  Mutalisk x5  
Show
View Real Time Build Order
Export as new Build Order

Nyck Terran 

Build Orders: Command Center First 

Get SALT Encoding   

  12  0:00  SCV  
  13  0:12  SCV  
  14  0:25  SCV  
  14  0:26  Supply Depot  
  15  0:48  SCV  
  16  0:59  Command Center  
  16  1:01  SCV  
  17  1:12  Barracks  
  17  1:16  SCV  
  18  1:23  Refinery  
  18  1:28  Refinery  
  18  1:30  SCV  
  19  1:45  SCV  
  20  1:57  SCV  
  21  2:06  Marine  
  22  2:26  Marine  
  23  2:32  SCV  
  23  2:33  Orbital Command  
  24  2:47  Orbital Command  
  24  2:53  Marine  
  25  2:59  Barracks  
  25  3:03  Barracks  
  25  3:10  SCV  
  26  3:13  SCV  
  27  3:22  Barracks Tech Lab, SCV  
  27  3:25  SCV  
  30  3:34  SCV  
  30  3:37  SCV  
  30  3:41  Engineering Bay  
  31  3:42  Engineering Bay  
  31  3:46  SCV  
  31  3:47  Factory  
  31  3:48  Combat Shield  
  32  3:49  Barracks Reactor  
  32  3:52  Barracks Reactor  
  32  3:56  SCV  
  32  4:02  SCV  
  34  4:07  Supply Depot  
  34  4:15  SCV  
  34  4:16  SCV  
  36  4:19  Marine  
  37  4:27  SCV  
  37  4:28  SCV  
  39  4:32  Supply Depot  
  39  4:34  Starport  
  39  4:35  Factory Reactor  
  39  4:37  Marine x2  
  41  4:39  SCV, Marine  
  41  4:40  Marine  
  41  4:43  Marine  
  45  4:52  SCV  
  46  4:54  Supply Depot  
  46  4:56  SCV  
  47  5:00  Refinery  
  47  5:03  Refinery  
  47  5:05  SCV  
  48  5:07  Marine x4  
  48  5:13  Marine  
  53  5:17  SCV  
  54  5:24  Marine  
  43  5:35  Bunker  
Show
View Real Time Build Order
Export as new Build Order

Guwbu Terran - Winner!

Build Orders:  

Get SALT Encoding   

  12  0:00  SCV  
  13  0:13  SCV  
  14  0:18  Supply Depot  
  14  0:25  SCV  
  15  0:39  SCV  
  15  0:41  Barracks  
  16  0:47  Refinery  
  16  0:52  SCV  
  17  1:08  SCV  
  18  1:20  Barracks  
  18  1:21  Barracks  
  18  1:29  Supply Depot, Marine  
  18  1:32  SCV  
  20  1:53  Orbital Command, Barracks Tech Lab  
  20  1:59  Engineering Bay  
  20  2:09  Marine  
  20  2:10  Marine  
  20  2:12  Marine  
  23  2:16  Stimpack  
  23  2:19  SCV  
  24  2:30  Barracks Reactor  
  24  2:31  SCV, Marine x2  
  27  2:39  Refinery  
  27  2:42  Supply Depot  
  27  2:44  SCV  
  29  2:55  Barracks Reactor  
  29  2:58  Marine  
  29  3:08  Marine x2  
  31  3:16  Marine  
  31  3:17  Terran Infantry Weapons Level 1  
  32  3:24  Supply Depot  
  32  3:25  Marine  
  32  3:26  Marine  
  34  3:31  Marine x2  
  34  3:34  Marine  
  37  3:43  Marine  
  37  3:44  Marine  
  37  3:47  Supply Depot  
  39  3:48  Marine  
  39  3:49  Marine  
  39  3:51  Marine  
  42  3:56  Combat Shield  
  42  4:01  Marine x2  
  44  4:06  Marine  
  44  4:07  Marine  
  44  4:09  Marine  
  47  4:19  Supply Depot, Marine x2  
  49  4:24  Marine  
  49  4:30  SCV  
  51  4:31  Factory  
  51  4:41  Marine x3  
  54  4:50  Marine x2  
  56  4:58  Marine  
  56  4:59  Marine x2  
  59  5:07  Marine  
  59  5:08  SCV  
  59  5:09  Marine  
  62  5:16  Marine  
  56  6:01  Factory Tech Lab  
Show
View Real Time Build Order
Export as new Build Order

Patrykos Protoss - Winner!

Build Orders:  

Get SALT Encoding   

  12  0:00  Probe  
  13  0:13  Probe  
  14  0:27  Pylon  
  14  0:31  Probe  
  15  0:52  Forge  
  15  0:54  Probe  
  16  1:27  Probe  
  17  1:36  Pylon  
  17  1:51  Pylon  
  17  1:57  Photon Cannon  
  17  1:59  Photon Cannon  
  17  2:03  Pylon  
  17  2:08  Photon Cannon  
  17  2:10  Pylon  
  17  2:18  Photon Cannon  
  17  2:22  Probe  
  17  2:28  Gateway  
  16  2:35  Gateway  
  16  2:36  Probe  
  16  2:40  Assimilator  
  16  2:41  Assimilator  
  17  2:44  Probe  
  17  2:45  Pylon  
  18  2:54  Probe  
  19  3:04  Probe  
  19  3:07  Photon Cannon  
  19  3:12  Probe  
  20  3:19  Cybernetics Core  
  21  3:20  Probe  
  22  3:32  Probe  
  23  3:36  Warp Gate  
  23  3:44  Probe  
  23  3:46  Pylon  
  24  4:01  Stalker  
  24  4:02  Stalker, Robotics Facility  
  28  4:34  Pylon  
  28  4:38  Warp Prism  
  28  4:41  Adept x2  
  34  4:53  Pylon  
  34  5:04  Photon Cannon  
  34  5:12  Gateway  
  34  5:56  Stalker  
  34  5:57  Stalker  
Tags
 
Add a new tag
Caveats
  • Supply blocks, unpowered buildings, or Contaminate may cause inaccurate times.
  • Supply counts are checked every 10 seconds.